 Dungeon Crawl Stone Soup version 0.29-a0-303-ge4682ce883 (webtiles) character file.

Game seed: 14169662395150518496

23140 Gildeon the Severer (level 12, -2/106 HPs)
             Began as a Minotaur Fighter on Mar 25, 2022.
             Was a High Priest of Okawaru.
             Killed from afar by an ice dragon (28 damage)
             ... with a blast of cold
             ... on level 12 of the Dungeon.
             The game lasted 00:39:39 (13772 turns).

Gildeon the Severer (Minotaur Fighter)             Turns: 13772, Time: 00:39:41

Health: -2/106     AC: 18    Str: 25    XL:     12   Next: 69%
Magic:  18/18      EV: 12    Int:  5    God:    Okawaru [*****.]
Gold:   411        SH: 10    Dex: 13    Spells: 17/21 levels left

rFire   + + .      SeeInvis +   t - +5 war axe of the Heart {speed, Fly rElec rF++}
rCold   . . .      Faith    .   c - +0 buckler
rNeg    . . .      Spirit   .   B - +6 scale mail of Sophism {Dex+2}
rPois   .          Reflect  +   (helmet restricted)
rElec   +          Harm     .   y - +2 cloak {Stlth+}
rCorr   +          Rampage  +   (no gloves)
Will    .....                   f - +0 pair of boots of the Six Ships {Rampage rCorr}
Stlth   +.........              C - amulet of reflection
HPRegen 0.27/turn               i - +4 ring of slaying
MPRegen 0.16/turn               D - ring of see invisible

@: flying
A: horns 2, retaliatory headbutt
a: Renounce Religion, Heroism, Finesse, Duel


You were on level 12 of the Dungeon.
You worshipped Okawaru.
Okawaru was extremely pleased with you.
You visited 2 branches of the dungeon, and saw 13 of its levels.
You also visited: Sewer and Bailey.

You collected 606 gold pieces.
You spent 195 gold pieces at shops.

Inventory:

Hand Weapons
 n - a +5 war axe of draining
 p - a +2 flail of protection
 t - the +5 war axe of the Heart (weapon) {speed, Fly rElec rF++}
   (Okawaru gifted it to you on level 11 of the Dungeon)

   Attacks with this weapon are significantly faster.
   rF:        It greatly protects you from fire.
   rElec:     It insulates you from electricity.
   Fly:       It grants you flight.
 I - a +0 morningstar
Armour
 c - a +0 buckler (worn)
 f - the +0 pair of boots of the Six Ships (worn) {Rampage rCorr}
   (You found it on level 7 of the Dungeon)

   rCorr:     It protects you from acid and corrosion.
   Rampage:   It bestows one free step when moving towards enemies.
 y - a +2 cloak of stealth (worn)
 A - a +2 scale mail of fire resistance
 B - the +6 scale mail of Sophism (worn) {Dex+2}
   (Okawaru gifted it to you on level 9 of the Dungeon)

   Dex:       It affects your dexterity (+2).
Jewellery
 i - a +4 ring of slaying (left hand)
 C - an amulet of reflection (around neck)
 D - a ring of see invisible (right hand)
 F - the ring "Neakuuss" {rPois rF+ Str+3}
   (You found it on level 12 of the Dungeon)

   [ring of poison resistance]

   Str:       It affects your strength (+3).
   rF:        It protects you from fire.
   rPois:     It protects you from poison.
Wands
 e - a wand of polymorph (1)
 m - a wand of mindburst (35)
 z - a wand of iceblast (6)
 G - a wand of digging (5)
 H - a wand of acid (4)
Scrolls
 h - 3 scrolls of holy word
 j - a scroll of fog
 k - a scroll of enchant armour
 o - 3 scrolls of blinking
 q - 4 scrolls of teleportation
 s - 4 scrolls of identify
 u - 2 scrolls of fear
 v - a scroll of acquirement {unknown}
 E - a scroll of magic mapping
Potions
 a - 2 potions of cancellation
 b - 2 potions of lignification
 d - 4 potions of might
 g - 4 potions of curing
 l - a potion of heal wounds
 r - 3 potions of brilliance
 w - a potion of haste
 x - 3 potions of magic


   Skills:
 - Level 10.0 Fighting
 - Level 16.0 Axes
 + Level 7.9 Armour
 - Level 5.0 Dodging
 + Level 6.9 Shields
 - Level 5.0 Spellcasting
 + Level 4.4 Poison Magic
 - Level 5.0 Invocations
 - Level 5.0 Evocations


You had 17 spell levels left.
You knew the following spells:

 Your Spells              Type           Power      Damage    Failure   Level
a - Olgreb's Toxic Radia  Pois           5%         N/A       80%         4

Your spell library contained the following spells:

 Spells                   Type           Power      Damage    Failure   Level
 Sting                    Tmut/Pois      12%        1d3       34%         1
 Poisonous Vapours        Pois/Air       6%         N/A       47%         2
 Apportation              Tloc           2%         N/A       65%         1
 Slow                     Hex            4%         N/A       65%         1
 Ignite Poison            Fire/Tmut/Pois 2%         N/A       82%         3
 Confusing Touch          Hex            1%         N/A       95%         3
 Conjure Flame            Conj/Fire      1%         6-21      95%         3
 Stone Arrow              Conj/Erth      2%         3d7       95%         3
 Vampiric Draining        Necr           1%         2d6       95%         3
 Sticky Flame             Conj/Fire      1%         2d3       100%        4
 Lehudib's Crystal Spear  Conj/Erth      0%         10d2      100%        8
 Animate Skeleton         Necr           Unusable   N/A       N/A         1
 Summon Small Mammal      Summ           Unusable   N/A       N/A         1
 Animate Armour           Summ/Erth      Unusable   N/A       N/A         4

Dungeon Overview and Level Annotations

Branches:
Dungeon (12/15)            Temple (1/1) D:4            Lair (0/6) D:11
    Orc (0/2) D:10          Sewer (visited)          Bailey (visited)

Altars:
Ashenzari
Cheibriados
Dithmenos
Elyvilon
Fedhas
Gozag
Hepliaklqana
Kikubaaqudgha
Makhleb
Nemelex Xobeh
Okawaru
Qazlal
Ru
Sif Muna
Trog
Uskayaw
Vehumet
Wu Jian
Xom
Yredelemnul
Zin
The Shining One
Lugonu

Shops:
D:5 *   D:12 :[

Annotations:
D:9 3 runed translucent doors, mrw0lf's ghost, journeyman OgTm


Innate Abilities, Weirdness & Mutations

You have a pair of horns on your head.
You reflexively headbutt those who attack you in melee.


Message History

t - Shout!
Orders for allies: a - Attack new target. r - Retreat! s - Stop attacking. g - Guard the area. f - Follow me.
Anything else - Cancel.
You shout for attention!
What are your orders? t - Shout!
Orders for allies: a - Attack new target. r - Retreat! s - Stop attacking. g - Guard the area. f - Follow me.
Anything else - Cancel.
You shout for attention!
What are your orders? t - Shout!
Orders for allies: a - Attack new target. r - Retreat! s - Stop attacking. g - Guard the area. f - Follow me.
Anything else - Cancel.
You shout for attention!
What are your orders? t - Shout!
Orders for allies: a - Attack new target. r - Retreat! s - Stop attacking. g - Guard the area. f - Follow me.
Anything else - Cancel.
You shout for attention!
The ice dragon roars deafeningly!
The ice dragon breathes frost at you. The blast of cold hits you!!!
The ice dragon breathes frost at you. The blast of cold hits you!!
* * * LOW HITPOINT WARNING * * *
The ice dragon attacks as you move away!
The ice dragon bites you.
* * * LOW HITPOINT WARNING * * *
The ice dragon barely misses you. You block the ice dragon's attack.
The ice dragon breathes frost at you. The blast of cold hits you!!
You die...

..............## ##............
...........(...## ##....########.
................###....##......##
............(....#....##...##...#
.....)............[..##...##≈##..
.....................#∩..#######.
.....................#⌠..#######.
..........#..........##...##≈##..
.........###....@.....##...##...#
....#...## ##.....D....##......##
...###.## ##.......<..########.
....#...## ##....................
.........###.....................
..........#.................#....
...........................###...
..........................## ##..
......^..>...............## ##.


You could see an ice dragon (catching breath).

Vanquished Creatures
  A boulder beetle (D:12)
  Erolcha (D:12)
  A hydra (D:12)
  2 centaur warriors (D:12)
  A two-headed ogre (D:12)
  2 deep elf pyromancers (D:12)
  2 ugly things (D:12)
  2 manticores
  3 cyclopes
  3 gargoyles
  2 unseen horrors
  6 kobold demonologists
  A komodo dragon (D:11)
  6 trolls
  10 slime creatures (D:12)
  A hornet (D:9)
  A shadow (D:11)
  3 wraiths
  A vampire (Bailey)
  13 yaks
  2 wyverns
  Eustachio (D:6)
  2 vampire mosquitoes (D:12)
  2 steam dragons
  3 acid dragons
  A water moccasin (D:8)
  7 orc warriors
  A sky beast (D:6)
  A black bear (D:6)
  3 ogres
  5 centaurs
  2 phantoms
  17 kobold brigands
  3 necrophages
  11 killer bees (D:9)
  An electric eel (D:10)
  7 vampire bats (Bailey)
  A howler monkey (D:6)
  3 wolf zombies (Bailey)
  2 gnoll shamans
  10 orc priests
  4 hounds
  3 jellies
  Crazy Yiuf (D:7)
  4 iguanas
  16 orc wizards
  18 gnolls
  9 adders
  3 river rats
  A shadow imp (D:6)
  3 white imps
  An ufetubus (D:5)
  3 worms
  2 dart slugs
  68 orcs
  9 ball pythons
  A bat zombie (D:8)
  9 endoplasms
  5 giant cockroaches
  6 goblins
  5 hobgoblins
  41 kobolds
  3 quokkas
  2 bats
  7 frilled lizards
  25 orc zombies (Bailey)
  9 rats
  2 rat zombies (D:8)
407 creatures vanquished.

Vanquished Creatures (others)
  A bat (D:1)
  A demonic plant (D:11)
  21 plants
  8 withered plants (D:3)
31 creatures vanquished.

Grand Total: 438 creatures vanquished

Notes
Turn   | Place    | Note
-------+----------+-------------------------------------------
     0 | D:1      | Gildeon the Minotaur Fighter began the quest for the Orb.
     0 | D:1      | Reached XP level 1. HP: 19/19 MP: 0/0
   131 | D:1      | You fall into a shaft and drop 1 floor!
   199 | D:2      | Reached XP level 2. HP: 27/27 MP: 1/1
   215 | D:2      | Found an ornate altar of the Wu Jian Council.
   287 | D:2      | Reached skill level 3 in Axes
  1133 | D:1      | Reached XP level 3. HP: 33/33 MP: 2/2
  1385 | D:2      | Identified the +1 robe of Coasel {-Cast Will+ Dex+2 SInv}
  2195 | D:3      | Reached skill level 4 in Axes
  2244 | D:3      | Reached XP level 4. HP: 38/41 MP: 3/3
  2248 | D:3      | Found a glowing drain.
  2271 | Sewer    | Entered a sewer
  2554 | Sewer    | Reached XP level 5. HP: 47/47 MP: 4/4
  2757 | D:3      | Reached skill level 5 in Axes
  2851 | D:3      | Found a faded altar of an unknown god.
  3149 | D:3      | Found a white marble altar of Elyvilon.
  3240 | D:4      | Reached skill level 5 in Armour
  3242 | D:4      | Reached skill level 5 in Fighting
  3247 | D:4      | Reached XP level 6. HP: 56/56 MP: 5/5
  3250 | D:4      | Reached skill level 6 in Axes
  3487 | D:4      | Reached skill level 1 in Dodging
  3728 | D:4      | Reached skill level 7 in Axes
  3753 | D:4      | Learned a level 4 spell: Olgreb's Toxic Radiance
  3825 | D:4      | Reached XP level 7. HP: 61/61 MP: 6/6
  4185 | D:4      | Found a staircase to the Ecumenical Temple.
  4200 | Temple   | Entered the Ecumenical Temple
  4431 | Temple   | Became a worshipper of Warmaster Okawaru
  4499 | D:5      | Entered Level 5 of the Dungeon
  4669 | D:5      | Identified the +5 leather armour of Joepaif {Harm Str+4
                  | Dex+6}
  4771 | D:5      | Reached skill level 8 in Axes
  4771 | D:5      | Reached skill level 5 in Shields
  4945 | D:5      | Reached * piety under Okawaru
  4974 | D:5      | Found Giubapel's Assorted Antiques.
  4977 | D:5      | Reached skill level 1 in Evocations
  4977 | D:5      | Reached XP level 8. HP: 68/68 MP: 7/7
  4979 | D:5      | Bought a scroll of enchant weapon for 172 gold pieces
  4979 | D:5      | Bought a scroll labelled PUUBRO JASEBU for 23 gold pieces
  5223 | D:6      | Reached skill level 9 in Axes
  5424 | D:6      | Noticed Eustachio
  5430 | D:6      | Killed Eustachio
  5433 | D:6      | Reached ** piety under Okawaru
  5476 | D:6      | Reached skill level 10 in Axes
  5477 | D:6      | Reached skill level 5 in Dodging
  5891 | D:7      | Identified the +0 pair of boots of the Six Ships {Rampage
                  | rCorr}
  6014 | D:7      | Reached skill level 1 in Invocations
  6049 | D:7      | Reached XP level 9. HP: 68/74 MP: 8/8
  6321 | D:7      | Reached *** piety under Okawaru
  6322 | D:7      | Reached skill level 11 in Axes
  6699 | D:7      | Found a runed translucent door.
  6700 | D:7      | Noticed Crazy Yiuf
  6705 | D:7      | Killed Crazy Yiuf
  7277 | D:8      | Noticed a kobold demonologist
  7287 | D:8      | Reached skill level 12 in Axes
  7288 | D:8      | Killed a kobold demonologist
  7297 | D:8      | Reached **** piety under Okawaru
  7298 | D:8      | Reached skill level 5 in Evocations
  7299 | D:8      | Reached XP level 10. HP: 49/81 MP: 10/12
  7657 | D:8      | Reached skill level 13 in Axes
  7771 | D:8      | Found an ancient bone altar of Kikubaaqudgha.
  8037 | D:9      | Found a flagged portal.
  8109 | Bailey   | Entered a bailey
  8177 | Bailey   | Noticed a gargoyle
  8185 | Bailey   | Killed a gargoyle
  8290 | Bailey   | Reached ***** piety under Okawaru
  8346 | Bailey   | Reached skill level 5 in Invocations
  8363 | Bailey   | Identified the +1 robe "Weeczaqu" {Rampage Str-2 Dex+7}
  8560 | Bailey   | Identified the +1 leather armour of Poor Excuses {-Tele
                  | Drain Int+5 Stlth+}
  8639 | D:9      | Identified the +6 scale mail of Sophism {Dex+2} (Okawaru
                  | gifted it to you on level 9 of the Dungeon)
  8639 | D:9      | Received a gift from Okawaru
  8640 | D:9      | Reached skill level 1 in Spellcasting
  8772 | D:9      | Reached skill level 14 in Axes
  9244 | D:9      | Found a hazy altar of Hepliaklqana.
  9407 | D:9      | Found a runed translucent gate.
  9407 | D:9      | Found a runed translucent gate.
  9407 | D:9      | Found a runed translucent gate.
  9410 | D:9      | Noticed a spectral centaur warrior
  9412 | D:9      | Noticed mrw0lf's ghost (journeyman OgTm)
  9637 | D:10     | Entered Level 10 of the Dungeon
  9839 | D:10     | Reached XP level 11. HP: 72/92 MP: 13/13
 10282 | D:10     | Found a staircase to the Orcish Mines.
 10331 | D:10     | Reached skill level 15 in Axes
 11524 | D:11     | Found a glowing golden altar of the Shining One.
 11590 | D:11     | Found a corrupted altar of Lugonu.
 11596 | D:11     | Noticed a sixfirhy
 11604 | D:11     | Noticed a sixfirhy
 11608 | D:11     | Reached skill level 16 in Axes
 11848 | D:11     | Found a staircase to the Lair.
 11864 | D:11     | Identified the +5 war axe of the Heart {speed, Fly rElec
                  | rF++} (Okawaru gifted it to you on level 11 of the Dungeon)
 11864 | D:11     | Received a gift from Okawaru
 12145 | D:12     | Found Gyll's Book Shoppe.
 12149 | D:12     | Noticed a two-headed ogre
 12164 | D:12     | Killed a two-headed ogre
 12175 | D:12     | Reached skill level 1 in Poison Magic
 12237 | D:12     | Noticed a four-headed hydra
 12246 | D:12     | Killed a four-headed hydra
 12323 | D:12     | Noticed a deep elf pyromancer
 12377 | D:12     | Killed a deep elf pyromancer
 12378 | D:12     | Reached XP level 12. HP: 92/106 MP: 17/17
 12463 | D:12     | Noticed Erolcha
 12488 | D:12     | Noticed a centaur warrior
 12497 | D:12     | Reached skill level 10 in Fighting
 12501 | D:12     | Killed a centaur warrior
 12510 | D:12     | Killed Erolcha
 12733 | D:12     | Reached skill level 5 in Spellcasting
 12886 | D:12     | Noticed a boulder beetle
 12894 | D:12     | Noticed a centaur warrior
 12896 | D:12     | Killed a boulder beetle
 12896 | D:12     | Identified the +0 pair of boots "Xatadu" {Str+5} (Okawaru
                  | gifted it to you on level 12 of the Dungeon)
 12896 | D:12     | Received a gift from Okawaru
 12928 | D:12     | Killed a centaur warrior
 12949 | D:12     | Noticed an ice dragon
 13265 | D:12     | Identified the ring "Neakuuss" {rPois rF+ Str+3}
 13535 | D:12     | Found Gawain's Dragon-Slaying Spoils.
 13772 | D:12     | Killed from afar by an ice dragon

Illustrated notes

Levels and vault maps discovered:
D:1:      nicolae_arrival_somewhat_less_tricky_arrival, layout_basic,
          minmay_vboxes
D:2:      layout_loops_ring, basic_altar, minmay_lizard_pond
D:3:      layout_basic, nicolae_elyvilon_temple_path,
          cheibrodos_sewer_entry_sluice, shapermc_ecumenical_altar_flowoftime,
          serial_park_tiny_2
D:4:      layout_loops_ring, temple_statues, nrook_uturn
D:5:      layout_basic, serial_shops, shop
D:6:      layout_cave_pools, uniq_eustachio
D:7:      layout_loops_cross, dreamdust_gnoll_farm, uniq_crazy_yiuf_cottage
D:8:      layout_loops_corners, lemuel_zombie_altar_kikubaaqudgha, special_room
          [special_room_kobold]
D:9:      nicolae_cairo_tiling_large_dashed, layout_basic,
          nicolae_hepliaklqana_hazy_memory, enter_bailey_8,
          gammafunk_ghost_necromancy
D:10:     layout_gridville, erik_orc_2
D:11:     kennysheep_kobold_lugonu_temple, layout_cave_pools,
          david_lair_shrubbed, tso_metal_star
D:12:     layout_big_octagon, serial_shops, nicolae_shop_statue_plus,
          nicolae_shop_dragon_depot, minmay_pinched_square, uniq_erolcha
Temple:   mainiacjoe_temple_bowtie_tessellation

Skill      XL: |  1  2  3  4  5  6  7  8  9 10 11 12 |
---------------+-------------------------------------+-----
Axes           | 3 4 5 7 8 10 12 14 16 | 16.0
Armour         | 4 5 7 |  7.9
Fighting       | 4 5 7 9 10 | 10.0
Dodging        | 1 3 5 |  5.0
Shields        | 4 5 6 |  6.9
Evocations     | 1 3 5 |  5.0
Invocations    | 1 4 5 |  5.0
Spellcasting   | 2 4 5 |  5.0
Poison Magic   | 1 4 |  4.4

Action                   |  1- 3 |  4- 6 |  7- 9 | 10-12 || total
-------------------------+-------+-------+-------+-------++-------
Melee: War axe           |    86 |   113 |   186 |   411 ||   796
       Headbutt          |    11 |    23 |    34 |    89 ||   157
       Trident           |       |       |       |     9 ||     9
       Flail             |       |       |       |     5 ||     5
  Use: Scroll            |     5 |     6 |     5 |     6 ||    22
       Potion            |       |     2 |       |       ||     2
 Stab: Sleeping          |       |       |       |     1 ||     1
Armor: Scale mail        |    31 |    18 |       |    95 ||   144
       Chain mail        |       |    18 |    38 |       ||    56
       Plate armour      |       |       |    30 |    43 ||    73
Dodge: Dodged            |    38 |    56 |    75 |   176 ||   345
Block: Buckler           |    18 |    22 |    33 |   123 ||   196
       Reflection        |       |       |       |     4 ||     4

Table legend: (Time is in decaauts)
 A = Elapsed time spent in this place.
 B = Non-inter-level travel time spent in this place.
 C = Inter-level travel time spent in this place.
 D = Time resting spent in this place.
 E = Time spent auto-exploring this place.
 F = Levels seen in this place.
 G = Mean time per level.
                   A        B        C        D        E       F      G
               +--------+--------+--------+--------+--------+-----+--------+
         Total |  13817 |  13331 |    486 |    613 |   9927 |  15 |  921.1 |
       Dungeon |  12591 |  12158 |    433 |    613 |   9158 |  12 | 1049.2 |
        Temple |    256 |    203 |     53 |      0 |    188 |   1 |  256.0 |
         Sewer |    501 |    501 |      0 |      0 |    274 |   1 |  501.0 |
        Bailey |    467 |    467 |      0 |      0 |    306 |   1 |  467.0 |
               +--------+--------+--------+--------+--------+-----+--------+

Top non-repeatable levels by time:
    D:12: 1575 daAuts
    D:10: 1519 daAuts
     D:9: 1213 daAuts
     D:8: 1185 daAuts
     D:1: 1082 daAuts
     D:4: 1013 daAuts
     D:3: 955 daAuts
     D:7: 913 daAuts
    D:11: 901 daAuts
     D:2: 839 daAuts
     D:6: 723 daAuts
     D:5: 670 daAuts
   Sewer: 501 daAuts
  Bailey: 467 daAuts
  Temple: 256 daAuts
